 Seeded DCSS version 0.30.1-5-ged363bc7ee (webtiles) character file.

Game seed: 920673320228942481 (custom seed)

3 Psyclone the Stinger (level 1, 10/10 HPs)
             Began as a Deep Elf Venom Mage on Sept 19, 2023.
             Quit the game on level 1 of the Dungeon.
             The game lasted 00:00:50 (72 turns).

Psyclone the Stinger (Deep Elf Venom Mage)            Turns: 72, Time: 00:00:51

Health: 10/10      AC:  2    Str:  5    XL:     1   Next: 41%
Magic:  4/6        EV: 12    Int: 19    God:
Gold:   1642       SH:  0    Dex: 15    Spells: 5/6 levels left

rFire   . . .        (no weapon)
rCold   . . .        (no shield)
rNeg    . . .        a - +0 robe
rPois   .            (no helmet)
rElec   .            (no cloak)
rCorr   .            (no gloves)
SInv    .            (no boots)
Will    .....        (no amulet)
Stlth   ++           (no ring)
HPRegen 0.21/turn    (no ring)
MPRegen 0.10/turn

%: no passive effects
@: no status effects
A: no striking features
a: no special abilities


You were on level 1 of the Dungeon.
You visited 1 branch of the dungeon, and saw 1 of its levels.

You collected 1642 gold pieces.

Inventory:

Armour
 a - a +0 robe (worn)
Potions
 b - a potion of magic


   Skills:
 + Level 2.5 Dodging
 + Level 2.5 Stealth
 + Level 3.0 Spellcasting
 + Level 1.2 Transmutations
 + Level 3.3 Poison Magic


You had 5 spell levels left.
You knew the following spells:

 Your Spells              Type           Power      Damage    Failure   Level
a - Sting                 Tmut/Pois      44%        1d5       6%          1

Your spell library contained the following spells:

 Spells                   Type           Power      Damage    Failure   Level
 Poisonous Vapours        Pois/Air       18%        N/A       12%         2
 Magic Dart               Conj           8%         1d3       16%         1
 Searing Ray              Conj           4%         2d4       22%         2
 Mephitic Cloud           Conj/Pois/Air  7%         N/A       28%         3
 Olgreb's Toxic Radiance  Pois           15%        N/A       36%         4
 Fulminant Prism          Conj/Hex       1%         3d5       83%         4


Dungeon Overview and Level Annotations

Branches:
Dungeon (1/15) Zot: 5928

Altars:


Message History

The sting hits the ball python.
The ball python is poisoned.
The ball python is moderately wounded.
The ball python bites you but does no damage.
The ball python constricts you.
You now have 4/6 mp.
Casting: Sting (safe; 6% risk of failure)
Confirm with . or Enter, or press ? or * to list all spells.
Aiming: Sting (safe; 6% risk of failure)
Press: ? - help, Shift-Dir - straight line, f/p - ball python
Aim: a ball python (moderately wounded, constricting you, poisoned, 68% to hit)
The sting misses the ball python.
The ball python bites you. The ball python constricts you.
You take 3 damage, and have 6/10 hp.
MASSIVE DAMAGE!!
You now have 3/6 mp.
Casting: Sting (safe; 6% risk of failure)
Confirm with . or Enter, or press ? or * to list all spells.
Aiming: Sting (safe; 6% risk of failure)
Press: ? - help, Shift-Dir - straight line, f/p - ball python
Aim: a ball python (severely wounded, constricting you, poisoned, 68% to hit)
The sting hits the ball python.
The ball python looks even sicker.
You kill the ball python!
You now have 2/6 mp.
Casting: Sting (safe; 6% risk of failure)
Confirm with . or Enter, or press ? or * to list all spells.
You can't see any susceptible monsters within range! (Use Z to cast anyway.) Unknown command.
You open the door.
Found 13 gold pieces.
Found 3 scrolls labelled NOEDYA EDEF.
There is an open door here.
Found a stone staircase leading down.
Found a hand axe.
c - 3 scrolls labelled NOEDYA EDEF This is a scroll of acquirement!
Something appears at your feet!
You see here a book of Conjurations.
Something appears at your feet! Something appears at your feet!
You pick up a book of Conjurations and begin reading...
You add the spells Magic Dart, Searing Ray and Fulminant Prism to your library.
You now have 1642 gold pieces.
Health restored: 10 Are you sure you want to abandon this character and quit the game? (Confirm with "yes".)

####### ... #..... ..#.
#.... ....####... #....
... ...###.# #...#.#
##+#$#.#@#####.
#######.#....#.........)
......#.#.....#.######.#
...##.#.#...#....#
....#.#.##'#####..#
......#.##.######..#
....###.##........>#
###.###..............
#.#.....###########


There were no monsters in sight!

Vanquished Creatures
  A dart slug (D:1)
  A ball python (D:1)
2 creatures vanquished.

Notes
Turn   | Place    | Note
-------+----------+-------------------------------------------
     0 | D:1      | Psyclone the Deep Elf Venom Mage began the quest for the
                  | Orb.
     0 | D:1      | Reached XP level 1. HP: 10/10 MP: 6/6
    66 | D:1      | Identified 3 scrolls of acquirement
    66 | D:1      | Acquired 609 gold pieces
    67 | D:1      | Acquired a book of Conjurations
    68 | D:1      | Acquired 1033 gold pieces
    72 | D:1      | Quit the game

Illustrated notes

Levels and vault maps discovered:
D:1:      dpeg_arrival_orchard, layout_basic

Action                     || total
---------------------------++-------
  Melee: Unarmed           ||     1
   Cast: Sting             ||     6
    Use: Scroll            ||     3
 Armour: Robe              ||     2
